 Dungeon Crawl Stone Soup version 0.28-a0-667-g162e43154e (webtiles) character file.

Game seed: 10660339339948929189

5752 Conn the Arsonist (level 10, -2/60 HPs)
             Began as an Octopode Fire Elementalist on Oct 17, 2021.
             Was a Believer of Sif Muna.
             Slain by a meliai (5 damage)
             ... on level 9 of the Dungeon.
             The game lasted 00:25:57 (10300 turns).

Conn the Arsonist (Octopode Fire Elementalist)     Turns: 10300, Time: 00:25:57

Health: -2/60      AC:  1    Str:  8    XL:     10   Next: 77%
Magic:  0/22       EV: 18    Int: 21    God:    Sif Muna [**....]
Gold:   573        SH:  5    Dex: 12    Spells: 14/25 levels left

rFire   + . .      SeeInvis .   t - staff of conjuration
rCold   . . .      Faith    .   (no shield)
rNeg    . . .      Spirit   .   (helmet restricted)
rPois   .          Reflect  +   o - amulet of reflection
rElec   .          Harm     .   m - ring of protection from fire
rCorr   .          Rampage  .   q - +4 ring of evasion
Will    .....                   (no ring)
Stlth   ++++......              (no ring)
HPRegen 0.20/turn               (no ring)
MPRegen 0.18/turn               (no ring)
                                (no ring)
                                (no ring)

@: lethally poisoned (-2 -> -17)
A: almost no armour, amphibious, 8 rings, camouflage 1, gelatinous body 1,
(nimble swimmer 1), tentacles
a: Renounce Religion, Channel Magic


You were on level 9 of the Dungeon.
You worshipped Sif Muna.
Sif Muna was pleased with you.
You visited 2 branches of the dungeon, and saw 10 of its levels.

You collected 573 gold pieces.

Inventory:

Hand Weapons
 b - a +0 dagger
Missiles
 a - a curare-tipped dart (quivered)
 g - 21 poisoned darts
 y - a throwing net
Magical Staves
 t - a staff of conjuration (weapon)
 C - a staff of cold
Jewellery
 k - an amulet of guardian spirit
 m - a ring of protection from fire (left tentacle)
 o - an amulet of reflection (around mantle)
 q - a +4 ring of evasion (right tentacle)
Wands
 c - a wand of paralysis (9)
 s - a wand of iceblast (8)
 x - a wand of polymorph (9)
Scrolls
 e - a scroll of silence {unknown}
 f - a scroll of vulnerability {unknown}
 h - 6 scrolls of identify {unknown}
 j - a scroll of amnesia {unknown}
 n - 2 scrolls of enchant armour {unknown}
 p - 2 scrolls of noise {unknown}
 r - 7 scrolls of teleportation {unknown}
 u - a scroll of blinking {unknown}
 v - 2 scrolls of magic mapping {unknown}
 w - a scroll of fog
 B - a scroll of immolation {unknown}
 D - a scroll of torment {unknown}
Potions
 d - 2 potions of cancellation {unknown}
 i - 4 potions of curing {unknown}
 l - 2 potions of might {unknown}
 z - a potion of mutation {unknown}
 A - 2 potions of flight {unknown}


   Skills:
 + Level 2.0 Fighting
 + Level 1.6 Short Blades
 + Level 3.1 Staves
 + Level 1.1 Throwing
 + Level 4.4 Dodging
 + Level 6.9 Stealth
 + Level 1.8 Shields
 + Level 0.2 Unarmed Combat
 + Level 8.1 Spellcasting
 + Level 6.3 Conjurations
 + Level 1.4 Hexes
 + Level 8.9 Fire Magic
 + Level 0.2 Evocations


You had 14 spell levels left.
You knew the following spells:

 Your Spells              Type           Power      Damage    Failure   Level
a - Foxfire               Conj/Fire      100%       2x1d9     1%          1
b - Conjure Flame         Conj/Fire      57%        6-21      1%          3
c - Inner Flame           Hex/Fire       30%        N/A       2%          3
d - Flame Wave            Conj/Fire      57%        3d10      3%          4

Your spell library contained the following spells:

 Spells                   Type           Power      Damage    Failure   Level
 Magic Dart               Conj           100%       1d8       1%          1
 Scorch                   Fire           92%        2d9       1%          2
 Mephitic Cloud           Conj/Pois/Air  26%        N/A       10%         3
 Call Imp                 Summ           8%         N/A       12%         2
 Corpse Rot               Necr/Air       N/A        N/A       12%         2
 Poisonous Vapours        Pois/Air       16%        N/A       12%         2
 Summon Ice Beast         Ice/Summ       8%         N/A       61%         4
 Summon Mana Viper        Hex/Summ       11%        N/A       86%         5
 Monstrous Menagerie      Summ           4%         N/A       100%        7


Dungeon Overview and Level Annotations

Branches:
Dungeon (9/15)             Temple (1/1) D:5             Orc (0/2) D:9
   Lair: D:8-11

Altars:
Ashenzari
Cheibriados
Dithmenos
Fedhas
Gozag
Hepliaklqana
Kikubaaqudgha
Makhleb
Nemelex Xobeh
Okawaru
Qazlal
Ru
Sif Muna
Trog
Uskayaw
Vehumet
Wu Jian
Xom
Yredelemnul
Zin
The Shining One


Innate Abilities, Weirdness & Mutations

You cannot wear most types of armour.
You are amphibious.
You can wear up to eight rings at the same time.
Your skin changes colour to match your surroundings (Stealth+).
Your rubbery body absorbs attacks. (AC +1, EV +1)
((You are camouflaged near water. (Stealth+)))
You have tentacles for arms and can constrict up to eight enemies at once.


Message History

A wave of flame ripples out!
The flame wave engulfs the meliai!
You kill the meliai!
Sif Muna accepts your kill.
The flame wave engulfs the orc!
You kill the orc!
Sif Muna accepts your kill.
The flame wave engulfs the orc!!
You kill the orc!
Sif Muna accepts your kill.
Unknown command.
Unknown command.
Throw: 2 darts (curare)
Press: ? - help, Q - select action, (/) - cycle Shift-Dir - straight line, f - meliai
Aim: a meliai, wielding a +0 hand axe and wearing a +0 robe (42% to hit)
You throw a curare-tipped dart. The curare-tipped dart hits the meliai.
The meliai is poisoned.
The meliai convulses.
The meliai seems to slow down.
The meliai is moderately wounded.
The meliai calls upon its god to heal the meliai.
The meliai is healed somewhat.
The meliai invokes the aid of its god against you.
Something smites you!
Items here: )))) [[[ †††.
Unknown command.
The meliai barely misses you. The meliai stings you.
There is an open door here.
Things that are here:
a +0 falchion; 2 boomerangs; a +0 scale mail Unknown command.
Unknown command.
Aiming: Paralyse
Press: ? - help, Shift-Dir - straight line, f - meliai, p - meliai
Aim: a meliai, wielding a +1 hand axe of venom and wearing a +0 robe (chance to affect: 46%)
The meliai resists with some effort.
The meliai hits you with a +1 hand axe of venom!!
* * * LOW HITPOINT WARNING * * *
You are lethally poisoned!
The meliai barely misses you.
The meliai hits you with a +1 hand axe of venom.
You die...

...............#
...........<...#
..............#
......###..... ####
## ###... ..# #...8.
.8. #...## #.. #..#
#@###)# #..' ##yo)#
#.. #y>)# #.. #().##
#.# # #)###'####.# #
.)#####...#.# #
.8......)8...#######
#...#####...#..).....
## ##.##........


You could see 2 meliai and an orc.

Vanquished Creatures
  A boulder beetle (D:6)
  The ghost of Heedrag the Chopper, a novice MiFi of Okawaru (D:5)
  An unseen horror (D:8)
  A troll (D:9)
  A meliai (D:9)
  A hornet (D:8)
  Sigmund (D:3)
  Menkaure (D:7)
  An acid dragon (D:8)
  4 water moccasins
  2 black bears
  An ice beast (D:6)
  2 orc warriors
  2 necrophages (D:5)
  4 centaurs
  A phantom (D:6)
  A kobold brigand (D:6)
  4 bullfrogs
  A water moccasin zombie (D:7)
  A wyvern zombie (D:8)
  A gnoll sergeant (D:8)
  A water moccasin skeleton (D:5)
  A killer bee (D:6)
  4 howler monkeys
  2 jellies
  2 centaur zombies
  3 bullfrog zombies
  5 hounds
  7 orc priests
  A bullfrog skeleton (D:6)
  A gnoll shaman (D:4)
  5 iguanas
  A centaur skeleton (D:7)
  3 orc wizards
  Natasha (twice) (D:4)
  A killer bee zombie (D:8)
  A hound zombie (D:5)
  A hound skeleton (D:5)
  Robin (D:4)
  2 howler monkey zombies
  13 gnolls
  7 adders
  2 shadow imps (D:6)
  2 white imps
  An ufetubus (D:4)
  An adder zombie (D:5)
  2 dart slugs
  37 orcs
  10 bats
  7 endoplasms
  4 giant cockroaches
  14 hobgoblins
  17 jackals
  7 kobolds
  2 quokkas
  11 ball pythons
  4 frilled lizards
  16 goblins
  5 rats
239 creatures vanquished.

Vanquished Creatures (others)
  650 foxfires
  5 withered plants (D:8)
655 creatures vanquished.

Grand Total: 894 creatures vanquished

Notes
Turn   | Place    | Note
-------+----------+-------------------------------------------
     0 | D:1      | Conn the Octopode Fire Elementalist began the quest for the
                  | Orb.
     0 | D:1      | Reached XP level 1. HP: 11/11 MP: 3/3
   229 | D:1      | Reached XP level 2. HP: 17/17 MP: 1/5
   684 | D:1      | Reached XP level 3. HP: 21/21 MP: 0/6
  2031 | D:2      | Reached XP level 4. HP: 23/27 MP: 4/7
  2633 | D:2      | Found a faded altar of an unknown god.
  2857 | D:3      | Found a glowing golden altar of the Shining One.
  2886 | D:3      | Noticed Sigmund
  2898 | D:3      | Killed Sigmund
  2899 | D:3      | Reached skill level 1 in Short Blades
  2899 | D:3      | Reached XP level 5. HP: 23/32 MP: 0/9
  2899 | D:3      | Reached XP level 6. HP: 26/37 MP: 0/10
  3100 | D:3      | Noticed a black bear
  3129 | D:3      | Learned a level 3 spell: Conjure Flame
  3133 | D:3      | Learned a level 3 spell: Inner Flame
  3138 | D:3      | Learned a level 4 spell: Flame Wave
  3876 | D:4      | Noticed a black bear
  3877 | D:4      | Found a shimmering blue altar of Sif Muna.
  3941 | D:3      | Killed a black bear
  3942 | D:3      | Reached skill level 5 in Stealth
  3942 | D:3      | Reached XP level 7. HP: 42/42 MP: 7/12
  4012 | D:4      | Reached skill level 1 in Fighting
  4063 | D:5      | Entered Level 5 of the Dungeon
  4632 | D:5      | Reached XP level 8. HP: 45/48 MP: 9/14
  4669 | D:5      | Found a bloodstained altar of Trog.
  4803 | D:5      | Reached skill level 1 in Throwing
  4893 | D:5      | Found a staircase to the Ecumenical Temple.
  4902 | Temple   | Entered the Ecumenical Temple
  5209 | D:5      | Reached skill level 1 in Staves
  5417 | D:4      | Noticed Robin
  5426 | D:4      | Killed Robin
  5458 | D:4      | Reached skill level 5 in Fire Magic
  5955 | D:4      | Noticed Natasha
  5958 | D:4      | Killed Natasha
  5963 | D:4      | Found a snail-covered altar of Cheibriados.
  5985 | D:4      | Noticed Natasha
  5991 | D:4      | Killed Natasha
  6135 | D:4      | Found an iron altar of Okawaru.
  6136 | D:4      | Found an ornate altar of the Wu Jian Council.
  6296 | D:4      | Became a worshipper of Sif Muna the Loreminder
  6338 | D:5      | Found a runed translucent door.
  6339 | D:5      | Noticed Heedrag's ghost (novice MiFi)
  6355 | D:5      | Killed Heedrag's ghost
  6356 | D:5      | Reached skill level 5 in Spellcasting
  6356 | D:5      | Reached skill level 1 in Hexes
  6765 | D:6      | Reached XP level 9. HP: 48/53 MP: 14/17
  6812 | D:6      | Noticed a boulder beetle
  6843 | D:6      | Killed a boulder beetle
  6844 | D:6      | Reached skill level 1 in Shields
  7205 | D:6      | Reached skill level 5 in Conjurations
  7574 | D:6      | Reached * piety under Sif Muna
  8269 | D:7      | Reached XP level 10. HP: 60/60 MP: 9/20
  8444 | D:7      | You fall into a shaft and drop 1 floor!
  8454 | D:8      | Found an ancient bone altar of Kikubaaqudgha.
  9073 | D:7      | Noticed Menkaure
  9077 | D:7      | Killed Menkaure
  9331 | D:8      | Killed an unseen horror
  9331 | D:8      | Reached ** piety under Sif Muna
 10278 | D:9      | Found a staircase to the Orcish Mines.
 10300 | D:9      | HP: 3/60 [meliai (20)]
 10300 | D:9      | Slain by a meliai

Illustrated notes

Levels and vault maps discovered:
D:1:      amcnicky_arrival_single_pillar, layout_loops_ring,
          minmay_misc_feat_roman
D:2:      layout_loops_ring, ebering_ecumenical_altar_box
D:3:      layout_loops_ring, mainiacjoe_overflow_24_doors, cheibrodos_gnoll_hut,
          uniq_sigmund
D:4:      layout_basic, grunt_temple_overflow_open, kennysheep_mini,
          uniq_natasha, uniq_robin
D:5:      layout_basic, mainiacjoe_overflow_surrounded_room,
          lemuel_temple_firewalk_b, ebering_ghost_reflecting_pool,
          nicolae_underground_beach
D:6:      cheibrodos_fzero, layout_gridville
D:7:      layout_basic, uniq_menkaure
D:8:      layout_basic, kiku_gazebo_garden_becter, st_stairs_4
D:9:      layout_irregular_city, hiddenorc2_lemuel, gammafunk_ghost_hydra_chop,
          chequers_mini_garden
Temple:   zaba_magenta_temple

Skill      XL: |  1  2  3  4  5  6  7  8  9 10 |
---------------+-------------------------------+-----
Stealth        | 3 4 5 6 |  6.9
Short Blades   | 1 |  1.6
Spellcasting   | 3 4 5 6 8 |  8.1
Conjurations   | 2 3 4 5 6 |  6.3
Fire Magic     | 4 5 7 8 |  8.9
Fighting       | 1 2 |  2.0
Dodging        | 3 4 |  4.4
Throwing       | 1 |  1.1
Staves         | 2 3 |  3.1
Hexes          | 1 |  1.4
Shields        | 1 |  1.8
Unarmed Combat | |  0.2
Evocations     | |  0.2

Action                   |  1- 3 |  4- 6 |  7- 9 | 10-12 || total
-------------------------+-------+-------+-------+-------++-------
Melee: Unarmed           |    13 |       |       |       ||    13
       Constrict         |    11 |    11 |    21 |     3 ||    46
       Dagger            |    30 |    55 |    17 |       ||   102
       Tentacles         |     6 |    13 |    12 |     4 ||    35
       Staff             |       |       |    65 |    17 ||    82
Throw: Dart              |       |     2 |     3 |     1 ||     6
 Cast: Foxfire           |    65 |    49 |   154 |   121 ||   389
       Conjure Flame     |       |     1 |     4 |       ||     5
       Inner Flame       |       |       |     7 |     2 ||     9
       Flame Wave        |       |       |     5 |    10 ||    15
Evoke: Wand              |       |       |     1 |     1 ||     2
  Use: Scroll            |       |       |     1 |       ||     1
 Stab: Sleeping          |     4 |     6 |     6 |     1 ||    17
Armor: Skin              |     8 |     9 |     2 |     1 ||    20
Dodge: Dodged            |    40 |    33 |    74 |    40 ||   187
Block: Other             |       |     6 |    20 |    15 ||    41
       Reflection        |       |       |     2 |       ||     2

Table legend: (Time is in decaauts)
 A = Elapsed time spent in this place.
 B = Non-inter-level travel time spent in this place.
 C = Inter-level travel time spent in this place.
 D = Time resting spent in this place.
 E = Time spent auto-exploring this place.
 F = Levels seen in this place.
 G = Mean time per level.
                   A        B        C        D        E       F      G
               +--------+--------+--------+--------+--------+-----+--------+
         Total |  10308 |   9989 |    319 |    349 |   7221 |  10 | 1030.8 |
       Dungeon |  10216 |   9897 |    319 |    349 |   7221 |   9 | 1135.1 |
        Temple |     92 |     92 |      0 |      0 |      0 |   1 |   92.0 |
               +--------+--------+--------+--------+--------+-----+--------+

Top non-repeatable levels by time:
     D:5: 1680 daAuts
     D:1: 1618 daAuts
     D:6: 1513 daAuts
     D:3: 1237 daAuts
     D:2: 1124 daAuts
     D:8: 1060 daAuts
     D:4: 934 daAuts
     D:7: 672 daAuts
     D:9: 375 daAuts
  Temple: 92 daAuts
